Lightning vs Panthers

Created - March 26, 2015 at 17:22

Goals
1 2 3 T
Lightning 0 0 3 3
Panthers 0 2 0 2
Shots
1 2 3 T
Lightning 14 7 13 34
Panthers 8 17 10 35

1st period

No Goal

Penalties :
Ben Bishop (FLA) for Delaying the game (Minor) at 0:20 - Justin Braun served the penalty., Andrej Meszaros (TBL) for Roughing (Minor) at 13:25, Rob Klinkhammer (FLA) for Hooking (Minor) at 16:04, Cam Atkinson (TBL) for Roughing (Minor) at 19:40

2nd period

1. Panthers , T.J. Brodie 7 (Henrik Zetterberg, Danny DeKeyser) at 1:10 (PP)
2. Panthers , Bryan Little 35 (T.J. Brodie) at 3:30

Penalties :
Andrej Meszaros (TBL) for Hooking (Minor) at 5:48, Nathan MacKinnon (FLA) for Hooking (Minor) at 12:51

3rd period

3. Lightning , Teddy Purcell 15 (Cam Atkinson, Luca Sbisa) at 5:56
4. Lightning , Curtis Glencross 20 (Patrick Kane) at 6:31
5. Lightning , Andrej Sekera 29 (Henrik Sedin, Brent Seabrook) at 9:33

Penalties :
Rick Nash (FLA) for Hooking (Minor) at 1:03, Ben Bishop (FLA) for Delaying the game (Minor) at 3:50 - Danny DeKeyser served the penalty., Matt Duchene (FLA) for Hooking (Minor) at 8:18, Andrej Meszaros (TBL) for Hooking (Minor) at 8:18, Henrik Sedin (TBL) for Hooking (Minor) at 14:28

Goalie Stats

Jaroslav Halak (TBL), 33 saves from 35 shots - (0.943), W, 31-24-0, 60:00 minutes
Ben Bishop (FLA), 31 saves from 34 shots - (0.912), L, 33-22-7, 58:40 minutes

Players Stats for Lightning

Player Name              G  A  P  +/- PIM S  H  SB GA TA FO     MP     PP MP  PK MP  
------------------------------------------------------------------------------------
Andre Benoit             0  0  0   1  0   0  0  0  0  0  0/0    19:14   0:00   3:28 
Andrej Meszaros          0  0  0   0  6   1  0  0  0  0  0/0    12:21   3:39   0:00 
Andrej Sekera            1  0  1   1  0   2  1  6  0  0  0/0    27:32   6:16   3:59 
Brent Seabrook           0  1  1   1  0   3  2  6  0  0  0/0    27:32   6:16   3:59 
Cam Atkinson             0  1  1   0  2   2  0  0  0  0  1/2     8:53   0:00   0:39 
Curtis Glencross         1  0  1   1  0   5  2  0  0  0  1/2    21:57   5:31   0:24 
Eric Fehr                0  0  0   0  0   0  0  0  0  0  1/1     3:54   0:00   0:00 
Erik Gudbranson          0  0  0   0  0   1  2  0  0  0  0/0    16:58   3:39   0:00 
Henrik Sedin             0  1  1   2  2   1  0  0  0  0  13/28  21:57   5:31   0:00 
Jason Chimera            0  0  0   0  0   1  0  0  0  0  0/0     3:54   0:00   0:00 
Luca Sbisa               0  1  1   1  0   1  0  0  0  0  0/0     4:07   0:00   0:00 
Maxime Talbot            0  0  0   0  0   1  1  0  0  0  7/11   14:55   0:00   5:04 
Nick Spaling             0  0  0   0  0   3  0  0  0  0  5/9    22:31   4:24   1:47 
Patrick Kane             0  1  1   1  0   2  0  0  0  0  6/7    23:07   5:31   0:00 
Scott Hannan             0  0  0   0  0   0  0  3  0  0  0/0    12:13   0:00   3:28 
Teddy Purcell            1  0  1   0  0   3  0  0  0  0  0/0     8:15   0:00   0:00 
Travis Zajac             0  0  0   0  0   6  0  0  0  0  15/32  22:05   4:24   5:13 
Troy Brouwer             0  0  0   1  0   2  4  0  0  0  3/4    19:04   4:24   1:47 

Players Stats for Panthers

Player Name              G  A  P  +/- PIM S  H  SB GA TA FO     MP     PP MP  PK MP  
------------------------------------------------------------------------------------
Bryan Little             1  0  1  -1  0   5  3  0  0  0  15/32  20:05   3:55   2:53 
Colin McDonald           0  0  0  -1  0   0  3  0  0  0  1/3    10:03   0:00   0:00 
Dan Hamhuis              0  0  0  -1  0   1  2  3  0  0  0/0    18:13   4:06   4:12 
Danny DeKeyser           0  1  1  -2  0   2  3  0  0  0  0/0    24:38   3:21   4:32 
Hampus Lindholm          0  0  0   0  0   0  0  0  0  0  0/0    16:43   4:06   0:00 
Henrik Zetterberg        0  1  1   0  0   2  1  0  0  0  1/4    19:56   3:55   0:20 
Justin Braun             0  0  0   0  0   0  2  0  0  0  0/0    15:29   0:00   3:19 
Marian Hossa             0  0  0  -1  0   4  1  0  0  0  1/2    13:17   0:00   0:00 
Mark Scheifele           0  0  0  -1  0   2  1  0  0  0  5/12   13:40   0:00   0:00 
Matt Duchene             0  0  0   0  2   2  0  0  0  0  13/24  20:49   3:32   2:53 
Nathan MacKinnon         0  0  0   0  2   4  1  0  0  0  0/1    17:56   3:32   0:00 
Niklas Hjalmarsson       0  0  0  -1  0   0  0  1  0  0  0/0    22:44   0:00   5:43 
Pascal Dupuis            0  0  0   0  0   1  0  1  0  0  0/0    10:41   0:00   6:54 
Patric Hornqvist         0  0  0  -1  0   9  1  0  0  0  1/5    15:19   3:32   1:44 
Rick Nash                0  0  0   0  2   1  1  0  0  0  7/13   22:40   3:55   5:06 
Rob Klinkhammer          0  0  0   0  2   0  0  0  0  0  0/0     3:36   0:00   0:00 
Sami Salo                0  0  0   0  0   0  2  0  0  0  0/0     5:36   0:00   2:04 
T.J. Brodie              1  1  2   0  0   2  3  0  0  0  0/0    16:37   3:21   0:00 

3 Stars

1 - T.J. Brodie (FLA)
2 - Andrej Sekera (TBL)
3 - Curtis Glencross (TBL)

Power Play

Lightning - 0 on 5 Attempt(s) - 0.00%
Panthers - 1 on 4 Attempt(s) - 25.00%

Penalty Kill

Lightning - 3 on 4 Attempt(s) - 75.00% - Score 0 goal in Penalty Kill
Panthers - 5 on 5 Attempt(s) - 100.00% - Score 0 goal in Penalty Kill

Team Stat

Lightning - Hits : 12 - Faceoff Wins : 52 - Blocked Shots : 15 - Penalty Minutes : 10
Panthers - Hits : 24 - Faceoff Wins : 44 - Blocked Shots : 5 - Penalty Minutes : 8

Official

Referees : Gord Dwyer and TJ Luxmore
Linesman : Brad Kovachik and Vaughan Rody

Game Notes

No Game Note

Finance

Level 1 -- Attendance: 6000 (100.00%) -- Ticket Income $642,000
Level 2 -- Attendance: 5000 (100.00%) -- Ticket Income $385,000
Level 3 -- Attendance: 3346 (95.60%) -- Ticket Income $173,992
Level 4 -- Attendance: 3062 (81.65%) -- Ticket Income $76,550
Luxury Box -- Attendance: 974 (97.40%) -- Ticket Income $194,800
Game was played at the BBT Center'
Total Attendance: 18382 (95.49%)
Total Ticket Income: $1,472,342
Other Income: $220,851
Total Income: $1,693,193

% Time on Ice - Lightning

Lines # - Real PCT - Wanted PCT - Time Play
Normal Forward
1 - 39% - 40% - 16:02
2 - 31% - 30% - 12:28
3 - 20% - 20% - 8:15
4 - 10% - 10% - 3:52
Normal Defense
1 - 40% - 40% - 16:08
2 - 31% - 30% - 12:27
3 - 22% - 20% - 8:45
4 - 8% - 10% - 3:17
PP Forward
1 - 56% - 60% - 5:31
2 - 44% - 40% - 4:24
PP Defense
1 - 63% - 60% - 6:16
2 - 37% - 40% - 3:39
PK Forward
1 - 76% - 60% - 5:40
2 - 24% - 40% - 1:47
PK Defense
1 - 53% - 60% - 3:59
2 - 47% - 40% - 3:28
PK3 Forward
1 - 0% - 60%
2 - 0% - 40%
PK3 Defense
1 - 0% - 60%
2 - 0% - 40%
44 Forward
1 - 79% - 60% - 1:34
2 - 21% - 40% - 0:25
44 Defense
1 - 58% - 60% - 1:09
2 - 42% - 40% - 0:50
Last Minute Offensive  - 0:00
Last Minute Defensive  - 0:02
Total
Forward - 60:00
Defense - 60:00

% Time on Ice - Panthers

Lines # - Real PCT - Wanted PCT - Time Play
Normal Forward
1 - 35% - 40% - 14:25
2 - 31% - 35% - 12:34
3 - 25% - 20% - 10:03
4 - 9% - 5% - 3:37
Normal Defense
1 - 39% - 40% - 15:55
2 - 30% - 35% - 12:07
3 - 22% - 20% - 9:05
4 - 9% - 5% - 3:32
PP Forward
1 - 47% - 50% - 3:32
2 - 53% - 50% - 3:55
PP Defense
1 - 55% - 60% - 4:06
2 - 45% - 40% - 3:21
PK Forward
1 - 71% - 60% - 7:02
2 - 29% - 40% - 2:53
PK Defense
1 - 58% - 60% - 5:43
2 - 42% - 40% - 4:12
PK3 Forward
1 - 0% - 65%
2 - 0% - 35%
PK3 Defense
1 - 0% - 60%
2 - 0% - 40%
44 Forward
1 - 100% - 60% - 1:59
2 - 0% - 40% - 0:00
44 Defense
1 - 58% - 60% - 1:09
2 - 42% - 40% - 0:50
Last Minute Offensive  - 0:00
Last Minute Defensive  - 0:00
Total
Forward - 60:00
Defense - 60:00

Play by Play

1st period


0:01 of 1st period - Henrik Sedin wins face-off versus Matt Duchene in neutral zone.
0:07 of 1st period - Off-side.
0:08 of 1st period - Travis Zajac wins face-off versus Bryan Little in neutral zone.
0:11 of 1st period - Rick Nash is hit by Troy Brouwer and loses puck.
0:17 of 1st period - Travis Zajac is hit by Justin Braun and loses puck.
0:20 of 1st period - Shot by Troy Brouwer.
0:20 of 1st period - Stopped by Ben Bishop without a rebound.
0:20 of 1st period - Minor Penalty to Ben Bishop for Delaying the game.
0:21 of 1st period - Rick Nash wins face-off versus Henrik Sedin in Panthers zone.
0:47 of 1st period - Icing by Andrej Sekera.
0:48 of 1st period - Patrick Kane wins face-off versus Matt Duchene in Lightning zone.
1:45 of 1st period - Shot by Travis Zajac.
1:45 of 1st period - Stopped by Ben Bishop without a rebound.
1:46 of 1st period - Travis Zajac wins face-off versus Rick Nash in Panthers zone.
1:53 of 1st period - Shot by Andrej Meszaros.
1:53 of 1st period - Stopped by Ben Bishop without a rebound.
1:54 of 1st period - Travis Zajac wins face-off versus Rick Nash in Panthers zone.
2:10 of 1st period - Icing by Travis Zajac.
2:11 of 1st period - Travis Zajac wins face-off versus Bryan Little in Lightning zone.
3:05 of 1st period - Shot by Curtis Glencross.
3:05 of 1st period - Stopped by Ben Bishop without a rebound.
3:06 of 1st period - Matt Duchene wins face-off versus Troy Brouwer in Panthers zone.
3:34 of 1st period - Danny DeKeyser is hit by Troy Brouwer and loses puck.
3:41 of 1st period - Shot by Travis Zajac.
3:41 of 1st period - Stopped by Ben Bishop with a rebound.
3:43 of 1st period - Shot by Brent Seabrook.
3:43 of 1st period - Shot Misses the Net.
4:49 of 1st period - Shot by Marian Hossa.
4:49 of 1st period - Stopped by Jaroslav Halak without a rebound.
4:50 of 1st period - Henrik Sedin wins face-off versus Mark Scheifele in Lightning zone.
4:50 of 1st period - Henrik Sedin is hit by Mark Scheifele.
4:55 of 1st period - Henrik Sedin is hit by T.J. Brodie and loses puck.
5:03 of 1st period - Curtis Glencross is hit by Justin Braun and loses puck.
5:11 of 1st period - Patrick Kane is hit by T.J. Brodie and loses puck.
5:14 of 1st period - Shot by Luca Sbisa.
5:14 of 1st period - Stopped by Ben Bishop with a rebound.
5:16 of 1st period - Shot by Patrick Kane.
5:16 of 1st period - Stopped by Ben Bishop without a rebound.
5:17 of 1st period - Nick Spaling wins face-off versus Bryan Little in Panthers zone.
5:55 of 1st period - Icing by Sami Salo.
5:56 of 1st period - Bryan Little wins face-off versus Curtis Glencross in Panthers zone.
6:00 of 1st period - Icing by Hampus Lindholm.
6:01 of 1st period - Bryan Little wins face-off versus Henrik Sedin in Panthers zone.
6:12 of 1st period - Shot by Rick Nash.
6:12 of 1st period - Stopped by Jaroslav Halak without a rebound.
6:13 of 1st period - Matt Duchene wins face-off versus Maxime Talbot in Lightning zone.
6:13 of 1st period - Matt Duchene is hit by Brent Seabrook.
6:49 of 1st period - Shot by Nathan MacKinnon.
6:49 of 1st period - Shot Misses the Net.
8:21 of 1st period - Shot by Bryan Little.
8:21 of 1st period - Shot Misses the Net.
8:29 of 1st period - Shot by Troy Brouwer.
8:29 of 1st period - Shot Misses the Net.
8:35 of 1st period - Shot by Travis Zajac.
8:35 of 1st period - Shot Misses the Net.
8:50 of 1st period - Shot by Marian Hossa.
8:50 of 1st period - Deflect By Bryan Little.
8:50 of 1st period - Stopped by Jaroslav Halak without a rebound.
8:51 of 1st period - Maxime Talbot wins face-off versus Matt Duchene in Lightning zone.
9:08 of 1st period - Shot by Cam Atkinson.
9:08 of 1st period - Shot Misses the Net.
9:16 of 1st period - Shot by Cam Atkinson.
9:16 of 1st period - Stopped by Ben Bishop without a rebound.
9:17 of 1st period - Mark Scheifele wins face-off versus Henrik Sedin in Panthers zone.
9:17 of 1st period - Mark Scheifele is hit by Curtis Glencross.
9:44 of 1st period - Shot by Henrik Sedin.
9:44 of 1st period - Shot Misses the Net.
9:58 of 1st period - Shot by Curtis Glencross.
9:58 of 1st period - Shot Misses the Net.
10:25 of 1st period - Shot by Nathan MacKinnon.
10:25 of 1st period - Stopped by Jaroslav Halak without a rebound.
10:26 of 1st period - Troy Brouwer wins face-off versus Bryan Little in Lightning zone.
10:53 of 1st period - Brent Seabrook is hit by Dan Hamhuis and loses puck.
10:58 of 1st period - Shot by Troy Brouwer.
10:58 of 1st period - Shot Blocked by Dan Hamhuis.
11:00 of 1st period - Shot by Andrej Sekera.
11:00 of 1st period - Stopped by Ben Bishop without a rebound.
11:01 of 1st period - Maxime Talbot wins face-off versus Matt Duchene in Panthers zone.
11:19 of 1st period - Shot by Matt Duchene.
11:19 of 1st period - Shot Blocked by Scott Hannan.
11:23 of 1st period - Shot by Matt Duchene.
11:23 of 1st period - Stopped by Jaroslav Halak without a rebound.
11:24 of 1st period - Nick Spaling wins face-off versus Colin McDonald in Lightning zone.
11:40 of 1st period - Mark Scheifele is hit by Brent Seabrook and loses puck.
11:52 of 1st period - Off-side.
11:53 of 1st period - Henrik Sedin wins face-off versus Matt Duchene in neutral zone.
11:58 of 1st period - Shot by Curtis Glencross.
11:58 of 1st period - Stopped by Ben Bishop with a rebound.
12:08 of 1st period - Henrik Sedin is hit by Danny DeKeyser and loses puck.
12:16 of 1st period - Icing by Niklas Hjalmarsson.
12:17 of 1st period - Maxime Talbot wins face-off versus Matt Duchene in Panthers zone.
12:17 of 1st period - Maxime Talbot is hit by Danny DeKeyser.
12:37 of 1st period - Shot by Henrik Zetterberg.
12:37 of 1st period - Shot Misses the Net.
12:39 of 1st period - Shot by Danny DeKeyser.
12:39 of 1st period - Stopped by Jaroslav Halak without a rebound.
12:40 of 1st period - Troy Brouwer wins face-off versus Bryan Little in Lightning zone.
12:53 of 1st period - Shot by Travis Zajac.
12:53 of 1st period - Stopped by Ben Bishop without a rebound.
12:54 of 1st period - Henrik Sedin wins face-off versus Mark Scheifele in Panthers zone.
13:13 of 1st period - Shot by Curtis Glencross.
13:13 of 1st period - Stopped by Ben Bishop without a rebound.
13:14 of 1st period - Marian Hossa wins face-off versus Travis Zajac in Panthers zone.
13:14 of 1st period - Marian Hossa is hit by Troy Brouwer.
13:17 of 1st period - Niklas Hjalmarsson is hit by Troy Brouwer and loses puck.
13:25 of 1st period - Minor Penalty to Andrej Meszaros for Roughing.
13:26 of 1st period - Travis Zajac wins face-off versus Matt Duchene in Lightning zone.
13:37 of 1st period - Shot by Dan Hamhuis.
13:37 of 1st period - Shot Blocked by Andrej Sekera.
14:17 of 1st period - Andrej Sekera is hit by Patric Hornqvist and loses puck.
16:04 of 1st period - Minor Penalty to Rob Klinkhammer for Hooking.
16:05 of 1st period - Rick Nash wins face-off versus Nick Spaling in Panthers zone.
16:38 of 1st period - Shot by Brent Seabrook.
16:38 of 1st period - Stopped by Ben Bishop without a rebound.
16:39 of 1st period - Bryan Little wins face-off versus Henrik Sedin in Panthers zone.
16:48 of 1st period - Shot by Patrick Kane.
16:48 of 1st period - Shot Blocked by Dan Hamhuis.
16:55 of 1st period - Icing by Andrej Meszaros.
16:56 of 1st period - Rick Nash wins face-off versus Henrik Sedin in Lightning zone.
17:34 of 1st period - Niklas Hjalmarsson is hit by Curtis Glencross and loses puck.
18:10 of 1st period - Shot by Patric Hornqvist.
18:10 of 1st period - Deflect By Mark Scheifele.
18:10 of 1st period - Shot Misses the Net.
18:16 of 1st period - Shot by Sami Salo.
18:16 of 1st period - Shot Misses the Net.
18:34 of 1st period - Shot by Patric Hornqvist.
18:34 of 1st period - Shot Misses the Net.
18:40 of 1st period - Shot by Patric Hornqvist.
18:40 of 1st period - Stopped by Jaroslav Halak without a rebound.
18:41 of 1st period - Maxime Talbot wins face-off versus Matt Duchene in Lightning zone.
18:58 of 1st period - Shot by Teddy Purcell.
18:58 of 1st period - Stopped by Ben Bishop without a rebound.
18:59 of 1st period - Eric Fehr wins face-off versus Rick Nash in Panthers zone.
19:20 of 1st period - Shot by Bryan Little.
19:20 of 1st period - Stopped by Jaroslav Halak without a rebound.
19:21 of 1st period - Maxime Talbot wins face-off versus Matt Duchene in Lightning zone.
19:21 of 1st period - Maxime Talbot is hit by Henrik Zetterberg.
19:40 of 1st period - Minor Penalty to Cam Atkinson for Roughing.
19:41 of 1st period - Travis Zajac wins face-off versus Bryan Little in Lightning zone.
Goals for this period are 0 for Lightning vs 0 for Panthers.
Shots for this period are 14 for Lightning vs 8 for Panthers.

2nd period


0:01 of 2nd period - Travis Zajac wins face-off versus Matt Duchene in neutral zone.
0:31 of 2nd period - Icing by Hampus Lindholm.
0:32 of 2nd period - Travis Zajac wins face-off versus Nathan MacKinnon in Panthers zone.
0:45 of 2nd period - Shot by Dan Hamhuis.
0:45 of 2nd period - Stopped by Jaroslav Halak without a rebound.
0:46 of 2nd period - Bryan Little wins face-off versus Travis Zajac in Lightning zone.
0:47 of 2nd period - Shot by T.J. Brodie.
0:47 of 2nd period - Stopped by Jaroslav Halak without a rebound.
0:48 of 2nd period - Bryan Little wins face-off versus Travis Zajac in Lightning zone.
1:03 of 2nd period - Andre Benoit is hit by Bryan Little and loses puck.
1:10 of 2nd period - Shot by T.J. Brodie.
1:10 of 2nd period - Goal by T.J. Brodie - Lightning : 0 - Panthers : 1.
1:11 of 2nd period - Henrik Sedin wins face-off versus Colin McDonald in neutral zone.
1:21 of 2nd period - Shot by Mark Scheifele.
1:21 of 2nd period - Shot Misses the Net.
1:24 of 2nd period - Patric Hornqvist is hit by Andrej Sekera and loses puck.
2:52 of 2nd period - Shot by Nick Spaling.
2:52 of 2nd period - Stopped by Ben Bishop with a rebound.
2:54 of 2nd period - Shot by Troy Brouwer.
2:54 of 2nd period - Shot Blocked by Niklas Hjalmarsson.
3:26 of 2nd period - Shot by Marian Hossa.
3:26 of 2nd period - Stopped by Jaroslav Halak without a rebound.
3:27 of 2nd period - Bryan Little wins face-off versus Cam Atkinson in Lightning zone.
3:30 of 2nd period - Shot by Bryan Little.
3:30 of 2nd period - Goal by Bryan Little - Lightning : 0 - Panthers : 2.
3:31 of 2nd period - Bryan Little wins face-off versus Henrik Sedin in neutral zone.
4:08 of 2nd period - Shot by T.J. Brodie.
4:08 of 2nd period - Shot Blocked by Brent Seabrook.
4:44 of 2nd period - Shot by Henrik Zetterberg.
4:44 of 2nd period - Shot Blocked by Andrej Sekera.
4:58 of 2nd period - Shot by Nathan MacKinnon.
4:58 of 2nd period - Stopped by Jaroslav Halak without a rebound.
4:59 of 2nd period - Travis Zajac wins face-off versus Mark Scheifele in Lightning zone.
5:05 of 2nd period - Icing by Hampus Lindholm.
5:06 of 2nd period - Travis Zajac wins face-off versus Mark Scheifele in Panthers zone.
5:06 of 2nd period - Andrej Meszaros is hit by Dan Hamhuis and loses puck.
5:10 of 2nd period - Icing by Dan Hamhuis.
5:11 of 2nd period - Colin McDonald wins face-off versus Travis Zajac in Panthers zone.
5:35 of 2nd period - Patric Hornqvist is hit by Erik Gudbranson and loses puck.
5:44 of 2nd period - Patric Hornqvist is hit by Erik Gudbranson and loses puck.
5:47 of 2nd period - Shot by Mark Scheifele.
5:47 of 2nd period - Stopped by Jaroslav Halak without a rebound.
5:48 of 2nd period - Bryan Little wins face-off versus Maxime Talbot in Lightning zone.
5:48 of 2nd period - Minor Penalty to Andrej Meszaros for Hooking.
5:49 of 2nd period - Bryan Little wins face-off versus Travis Zajac in Lightning zone.
6:55 of 2nd period - Shot by Patric Hornqvist.
6:55 of 2nd period - Shot Hit the Post.
7:47 of 2nd period - Icing by Rick Nash.
7:48 of 2nd period - Henrik Sedin wins face-off versus Mark Scheifele in Panthers zone.
8:06 of 2nd period - Shot by Pascal Dupuis.
8:06 of 2nd period - Shot Blocked by Brent Seabrook.
8:08 of 2nd period - Shot by Pascal Dupuis.
8:08 of 2nd period - Stopped by Jaroslav Halak with a rebound.
8:10 of 2nd period - Shot by Justin Braun.
8:10 of 2nd period - Shot Blocked by Andrej Sekera.
8:23 of 2nd period - Henrik Sedin is hit by T.J. Brodie and loses puck.
8:33 of 2nd period - Icing by Rob Klinkhammer.
8:34 of 2nd period - Travis Zajac wins face-off versus Mark Scheifele in Panthers zone.
8:57 of 2nd period - Shot by Henrik Zetterberg.
8:57 of 2nd period - Shot Misses the Net.
8:59 of 2nd period - Shot by Matt Duchene.
8:59 of 2nd period - Shot Misses the Net.
9:47 of 2nd period - Shot by Teddy Purcell.
9:47 of 2nd period - Shot Misses the Net.
10:11 of 2nd period - Shot by Rick Nash.
10:11 of 2nd period - Deflect By Marian Hossa.
10:11 of 2nd period - Stopped by Jaroslav Halak without a rebound.
10:12 of 2nd period - Mark Scheifele wins face-off versus Henrik Sedin in Lightning zone.
10:37 of 2nd period - Shot by Patrick Kane.
10:37 of 2nd period - Shot Hit the Post.
10:39 of 2nd period - Shot by Brent Seabrook.
10:39 of 2nd period - Shot Blocked by Dan Hamhuis.
10:41 of 2nd period - Shot by Brent Seabrook.
10:41 of 2nd period - Stopped by Ben Bishop without a rebound.
10:42 of 2nd period - Nick Spaling wins face-off versus Bryan Little in Panthers zone.
11:11 of 2nd period - Shot by Jason Chimera.
11:11 of 2nd period - Stopped by Ben Bishop without a rebound.
11:12 of 2nd period - Mark Scheifele wins face-off versus Henrik Sedin in Panthers zone.
11:19 of 2nd period - Shot by Patric Hornqvist.
11:19 of 2nd period - Shot Misses the Net.
11:21 of 2nd period - Shot by Colin McDonald.
11:21 of 2nd period - Shot Misses the Net.
11:23 of 2nd period - Shot by Patric Hornqvist.
11:23 of 2nd period - Stopped by Jaroslav Halak with a rebound.
11:25 of 2nd period - Shot by Hampus Lindholm.
11:25 of 2nd period - Shot Blocked by Andrej Sekera.
11:57 of 2nd period - Icing by Hampus Lindholm.
11:58 of 2nd period - Mark Scheifele wins face-off versus Travis Zajac in Panthers zone.
12:39 of 2nd period - Shot by Travis Zajac.
12:39 of 2nd period - Stopped by Ben Bishop without a rebound.
12:40 of 2nd period - Matt Duchene wins face-off versus Maxime Talbot in Panthers zone.
12:51 of 2nd period - Minor Penalty to Nathan MacKinnon for Hooking.
12:52 of 2nd period - Henrik Sedin wins face-off versus Rick Nash in Panthers zone.
13:31 of 2nd period - Shot by Curtis Glencross.
13:31 of 2nd period - Stopped by Ben Bishop without a rebound.
13:32 of 2nd period - Rick Nash wins face-off versus Travis Zajac in Panthers zone.
13:41 of 2nd period - Shot by Erik Gudbranson.
13:41 of 2nd period - Stopped by Ben Bishop without a rebound.
13:42 of 2nd period - Rick Nash wins face-off versus Travis Zajac in Panthers zone.
14:53 of 2nd period - Andre Benoit is hit by Sami Salo and loses puck.
15:00 of 2nd period - Shot by Teddy Purcell.
15:00 of 2nd period - Shot Misses the Net.
15:02 of 2nd period - Shot by Maxime Talbot.
15:02 of 2nd period - Deflect By Teddy Purcell.
15:02 of 2nd period - Stopped by Ben Bishop without a rebound.
15:03 of 2nd period - Maxime Talbot wins face-off versus Matt Duchene in Panthers zone.
15:36 of 2nd period - Shot by Henrik Zetterberg.
15:36 of 2nd period - Shot Misses the Net.
15:38 of 2nd period - Shot by Matt Duchene.
15:38 of 2nd period - Deflect By Henrik Zetterberg.
15:38 of 2nd period - Shot Misses the Net.
15:40 of 2nd period - Shot by Justin Braun.
15:40 of 2nd period - Shot Misses the Net.
15:42 of 2nd period - Shot by T.J. Brodie.
15:42 of 2nd period - Deflect By Henrik Zetterberg.
15:42 of 2nd period - Shot Blocked by Brent Seabrook.
16:15 of 2nd period - Icing by Maxime Talbot.
16:16 of 2nd period - Cam Atkinson wins face-off versus Bryan Little in Lightning zone.
16:16 of 2nd period - Cam Atkinson is hit by Marian Hossa.
16:31 of 2nd period - Maxime Talbot is hit by Bryan Little and loses puck.
16:38 of 2nd period - Shot by Marian Hossa.
16:38 of 2nd period - Shot Hit the Post.
16:50 of 2nd period - Shot by Bryan Little.
16:50 of 2nd period - Stopped by Jaroslav Halak without a rebound.
16:51 of 2nd period - Curtis Glencross wins face-off versus Mark Scheifele in Lightning zone.
16:51 of 2nd period - Curtis Glencross is hit by Colin McDonald.
17:12 of 2nd period - Curtis Glencross is hit by Colin McDonald and loses puck.
17:26 of 2nd period - Shot by Patric Hornqvist.
17:26 of 2nd period - Stopped by Jaroslav Halak with a rebound.
17:28 of 2nd period - Shot by Patric Hornqvist.
17:28 of 2nd period - Stopped by Jaroslav Halak with a rebound.
17:30 of 2nd period - Shot by Danny DeKeyser.
17:30 of 2nd period - Shot Misses the Net.
17:32 of 2nd period - Shot by Patric Hornqvist.
17:32 of 2nd period - Stopped by Jaroslav Halak without a rebound.
17:33 of 2nd period - Matt Duchene wins face-off versus Travis Zajac in Lightning zone.
17:47 of 2nd period - Shot by Nathan MacKinnon.
17:47 of 2nd period - Stopped by Jaroslav Halak without a rebound.
17:48 of 2nd period - Nick Spaling wins face-off versus Bryan Little in Lightning zone.
17:59 of 2nd period - Shot by Eric Fehr.
17:59 of 2nd period - Deflect By Nick Spaling.
17:59 of 2nd period - Shot Misses the Net.
18:04 of 2nd period - Icing by Dan Hamhuis.
18:05 of 2nd period - Henrik Sedin wins face-off versus Bryan Little in Panthers zone.
18:57 of 2nd period - Icing by Hampus Lindholm.
18:58 of 2nd period - Bryan Little wins face-off versus Travis Zajac in Panthers zone.
19:26 of 2nd period - Shot by Matt Duchene.
19:26 of 2nd period - Stopped by Jaroslav Halak with a rebound.
19:28 of 2nd period - Shot by Nathan MacKinnon.
19:28 of 2nd period - Shot Misses the Net.
19:30 of 2nd period - Shot by Danny DeKeyser.
19:30 of 2nd period - Stopped by Jaroslav Halak with a rebound.
Goals for this period are 0 for Lightning vs 2 for Panthers.
Shots for this period are 7 for Lightning vs 17 for Panthers.

3rd period


0:01 of 3rd period - Matt Duchene wins face-off versus Henrik Sedin in neutral zone.
0:36 of 3rd period - Shot by Henrik Zetterberg.
0:36 of 3rd period - Stopped by Jaroslav Halak without a rebound.
0:37 of 3rd period - Troy Brouwer wins face-off versus Bryan Little in Lightning zone.
1:03 of 3rd period - Minor Penalty to Rick Nash for Hooking.
1:04 of 3rd period - Henrik Sedin wins face-off versus Patric Hornqvist in Panthers zone.
1:14 of 3rd period - Icing by Andrej Sekera.
1:15 of 3rd period - Patric Hornqvist wins face-off versus Henrik Sedin in Lightning zone.
1:46 of 3rd period - Shot by Brent Seabrook.
1:46 of 3rd period - Stopped by Ben Bishop without a rebound.
1:47 of 3rd period - Travis Zajac wins face-off versus Patric Hornqvist in Panthers zone.
2:01 of 3rd period - Shot by Andrej Meszaros.
2:01 of 3rd period - Shot Misses the Net.
2:09 of 3rd period - Shot by Travis Zajac.
2:09 of 3rd period - Stopped by Ben Bishop without a rebound.
2:10 of 3rd period - Henrik Sedin wins face-off versus Henrik Zetterberg in Panthers zone.
2:15 of 3rd period - Shot by Curtis Glencross.
2:15 of 3rd period - Shot Misses the Net.
2:19 of 3rd period - Shot by Curtis Glencross.
2:19 of 3rd period - Shot Blocked by Pascal Dupuis.
2:21 of 3rd period - Shot by Curtis Glencross.
2:21 of 3rd period - Deflect By Patrick Kane.
2:21 of 3rd period - Stopped by Ben Bishop without a rebound.
2:22 of 3rd period - Travis Zajac wins face-off versus Patric Hornqvist in Panthers zone.
2:29 of 3rd period - Shot by Troy Brouwer.
2:29 of 3rd period - Stopped by Ben Bishop without a rebound.
2:30 of 3rd period - Henrik Sedin wins face-off versus Patric Hornqvist in Panthers zone.
2:53 of 3rd period - Shot by Andrej Sekera.
2:53 of 3rd period - Shot Misses the Net.
3:04 of 3rd period - Off-side.
3:05 of 3rd period - Matt Duchene wins face-off versus Travis Zajac in neutral zone.
3:44 of 3rd period - Shot by Nick Spaling.
3:44 of 3rd period - Stopped by Ben Bishop without a rebound.
3:45 of 3rd period - Patrick Kane wins face-off versus Bryan Little in Panthers zone.
3:50 of 3rd period - Shot by Henrik Sedin.
3:50 of 3rd period - Stopped by Ben Bishop without a rebound.
3:50 of 3rd period - Minor Penalty to Ben Bishop for Delaying the game.
3:51 of 3rd period - Rick Nash wins face-off versus Henrik Sedin in Panthers zone.
4:05 of 3rd period - Off-side.
4:06 of 3rd period - Rick Nash wins face-off versus Travis Zajac in neutral zone.
4:30 of 3rd period - Icing by Nick Spaling.
4:31 of 3rd period - Travis Zajac wins face-off versus Rick Nash in Lightning zone.
4:44 of 3rd period - Shot by Travis Zajac.
4:44 of 3rd period - Shot Misses the Net.
4:46 of 3rd period - Shot by Andrej Sekera.
4:46 of 3rd period - Shot Misses the Net.
5:11 of 3rd period - Icing by Travis Zajac.
5:12 of 3rd period - Bryan Little wins face-off versus Travis Zajac in Lightning zone.
5:18 of 3rd period - Icing by Brent Seabrook.
5:19 of 3rd period - Travis Zajac wins face-off versus Rick Nash in Lightning zone.
5:23 of 3rd period - Brent Seabrook is hit by Sami Salo and loses puck.
5:46 of 3rd period - Shot by Patrick Kane.
5:46 of 3rd period - Shot Misses the Net.
5:48 of 3rd period - Shot by Curtis Glencross.
5:48 of 3rd period - Shot Misses the Net.
5:52 of 3rd period - Shot by Teddy Purcell.
5:52 of 3rd period - Shot Misses the Net.
5:54 of 3rd period - Shot by Luca Sbisa.
5:54 of 3rd period - Shot Misses the Net.
5:56 of 3rd period - Shot by Cam Atkinson.
5:56 of 3rd period - Deflect By Teddy Purcell.
5:56 of 3rd period - Goal by Teddy Purcell - Lightning : 1 - Panthers : 2.
5:57 of 3rd period - Matt Duchene wins face-off versus Maxime Talbot in neutral zone.
6:12 of 3rd period - Shot by Maxime Talbot.
6:12 of 3rd period - Shot Misses the Net.
6:20 of 3rd period - Shot by Cam Atkinson.
6:20 of 3rd period - Stopped by Ben Bishop without a rebound.
6:21 of 3rd period - Bryan Little wins face-off versus Henrik Sedin in Panthers zone.
6:31 of 3rd period - Shot by Curtis Glencross.
6:31 of 3rd period - Goal by Curtis Glencross - Lightning : 2 - Panthers : 2.
6:32 of 3rd period - Matt Duchene wins face-off versus Travis Zajac in neutral zone.
6:41 of 3rd period - Shot by Matt Duchene.
6:41 of 3rd period - Shot Misses the Net.
6:51 of 3rd period - Shot by Travis Zajac.
6:51 of 3rd period - Stopped by Ben Bishop without a rebound.
6:52 of 3rd period - Patrick Kane wins face-off versus Bryan Little in Panthers zone.
7:07 of 3rd period - Icing by Curtis Glencross.
7:08 of 3rd period - Matt Duchene wins face-off versus Henrik Sedin in Lightning zone.
7:15 of 3rd period - Shot by Henrik Zetterberg.
7:15 of 3rd period - Stopped by Jaroslav Halak without a rebound.
7:16 of 3rd period - Nick Spaling wins face-off versus Bryan Little in Lightning zone.
7:28 of 3rd period - Nick Spaling is hit by Bryan Little and loses puck.
8:18 of 3rd period - Minor Penalty to Matt Duchene for Hooking.
8:18 of 3rd period - Minor Penalty to Andrej Meszaros for Hooking.
8:19 of 3rd period - Patrick Kane wins face-off versus Henrik Zetterberg in Lightning zone.
8:21 of 3rd period - Icing by Maxime Talbot.
8:22 of 3rd period - Patrick Kane wins face-off versus Henrik Zetterberg in Lightning zone.
8:35 of 3rd period - Patrick Kane is hit by Rick Nash and loses puck.
9:23 of 3rd period - Shot by Brent Seabrook.
9:23 of 3rd period - Shot Misses the Net.
9:33 of 3rd period - Shot by Andrej Sekera.
9:33 of 3rd period - Goal by Andrej Sekera - Lightning : 3 - Panthers : 2.
9:34 of 3rd period - Henrik Zetterberg wins face-off versus Patrick Kane in neutral zone.
9:34 of 3rd period - Henrik Zetterberg is hit by Maxime Talbot.
10:13 of 3rd period - Icing by Andrej Sekera.
10:14 of 3rd period - Patrick Kane wins face-off versus Marian Hossa in Lightning zone.
11:57 of 3rd period - Icing by Curtis Glencross.
11:58 of 3rd period - Bryan Little wins face-off versus Henrik Sedin in Lightning zone.
12:35 of 3rd period - Shot by Marian Hossa.
12:35 of 3rd period - Stopped by Jaroslav Halak without a rebound.
12:36 of 3rd period - Matt Duchene wins face-off versus Travis Zajac in Lightning zone.
12:43 of 3rd period - Shot by Henrik Zetterberg.
12:43 of 3rd period - Shot Blocked by Brent Seabrook.
12:45 of 3rd period - Shot by Justin Braun.
12:45 of 3rd period - Shot Misses the Net.
13:06 of 3rd period - Icing by Andrej Sekera.
13:07 of 3rd period - Mark Scheifele wins face-off versus Travis Zajac in Lightning zone.
13:16 of 3rd period - Shot by Mark Scheifele.
13:16 of 3rd period - Shot Blocked by Brent Seabrook.
13:18 of 3rd period - Shot by Patric Hornqvist.
13:18 of 3rd period - Stopped by Jaroslav Halak with a rebound.
13:20 of 3rd period - Shot by Colin McDonald.
13:20 of 3rd period - Shot Misses the Net.
13:22 of 3rd period - Shot by Mark Scheifele.
13:22 of 3rd period - Shot Misses the Net.
13:24 of 3rd period - Shot by Patric Hornqvist.
13:24 of 3rd period - Stopped by Jaroslav Halak without a rebound.
13:25 of 3rd period - Maxime Talbot wins face-off versus Bryan Little in Lightning zone.
13:29 of 3rd period - Andre Benoit is hit by Danny DeKeyser and loses puck.
13:42 of 3rd period - Shot by Teddy Purcell.
13:42 of 3rd period - Shot Misses the Net.
13:44 of 3rd period - Shot by Maxime Talbot.
13:44 of 3rd period - Stopped by Ben Bishop without a rebound.
13:45 of 3rd period - Matt Duchene wins face-off versus Nick Spaling in Panthers zone.
13:50 of 3rd period - Jason Chimera is hit by Nathan MacKinnon.
13:51 of 3rd period - Icing by Jason Chimera.
13:52 of 3rd period - Matt Duchene wins face-off versus Nick Spaling in Lightning zone.
14:19 of 3rd period - Shot by Henrik Zetterberg.
14:19 of 3rd period - Deflect By Nathan MacKinnon.
14:19 of 3rd period - Stopped by Jaroslav Halak without a rebound.
14:20 of 3rd period - Henrik Sedin wins face-off versus Bryan Little in Lightning zone.
14:28 of 3rd period - Minor Penalty to Henrik Sedin for Hooking.
14:29 of 3rd period - Bryan Little wins face-off versus Travis Zajac in Lightning zone.
15:54 of 3rd period - Shot by Matt Duchene.
15:54 of 3rd period - Deflect By Patric Hornqvist.
15:54 of 3rd period - Stopped by Jaroslav Halak with a rebound.
16:02 of 3rd period - Shot by Matt Duchene.
16:02 of 3rd period - Shot Blocked by Andrej Sekera.
16:04 of 3rd period - Shot by Patric Hornqvist.
16:04 of 3rd period - Shot Blocked by Brent Seabrook.
16:06 of 3rd period - Shot by Matt Duchene.
16:06 of 3rd period - Shot Misses the Net.
16:57 of 3rd period - Shot by Pascal Dupuis.
16:57 of 3rd period - Deflect By Mark Scheifele.
16:57 of 3rd period - Stopped by Jaroslav Halak with a rebound.
16:59 of 3rd period - Shot by Rob Klinkhammer.
16:59 of 3rd period - Shot Misses the Net.
17:01 of 3rd period - Shot by Mark Scheifele.
17:01 of 3rd period - Deflect By Pascal Dupuis.
17:01 of 3rd period - Shot Blocked by Scott Hannan.
17:30 of 3rd period - Shot by Nick Spaling.
17:30 of 3rd period - Stopped by Ben Bishop without a rebound.
17:31 of 3rd period - Matt Duchene wins face-off versus Nick Spaling in Panthers zone.
17:38 of 3rd period - Shot by Nathan MacKinnon.
17:38 of 3rd period - Shot Blocked by Andrej Sekera.
18:37 of 3rd period - Maxime Talbot is hit by Colin McDonald and loses puck.
18:40 of 3rd period - Panthers, Ben Bishop is pulled from the net.
18:48 of 3rd period - Shot by Colin McDonald.
18:48 of 3rd period - Shot Misses the Net.
18:50 of 3rd period - Shot by Mark Scheifele.
18:50 of 3rd period - Shot Misses the Net.
18:54 of 3rd period - Shot by Patric Hornqvist.
18:54 of 3rd period - Stopped by Jaroslav Halak without a rebound.
18:55 of 3rd period - Henrik Sedin wins face-off versus Bryan Little in Lightning zone.
18:57 of 3rd period - Icing by Patrick Kane.
18:58 of 3rd period - Bryan Little wins face-off versus Henrik Sedin in Lightning zone.
19:32 of 3rd period - Shot by Rick Nash.
19:32 of 3rd period - Shot Blocked by Scott Hannan.
19:34 of 3rd period - Shot by Danny DeKeyser.
19:34 of 3rd period - Shot Misses the Net.
19:38 of 3rd period - Shot by Bryan Little.
19:38 of 3rd period - Stopped by Jaroslav Halak with a rebound.
Goals for this period are 3 for Lightning vs 0 for Panthers.
Shots for this period are 13 for Lightning vs 10 for Panthers.


Output by the SimonT Hockey Simulator (STHS) for Stephane Roy -- Original Page W3C XHTML 1.0 Valid
Hockey Simulator - Hockey Simulation - Hockey Manager